 Dungeon Crawl Stone Soup version 0.21-a0-630-g344d351 (webtiles) character file.

1279 slep the Slasher (level 8, -6/67 HPs)
             Began as a Demonspawn Gladiator on Dec 26, 2017.
             Was a Believer of Okawaru.
             Mangled by an orc warrior
             ... wielding a +0 long sword
              (8 damage)
             ... on level 5 of the Dungeon.
             The game lasted 00:18:00 (4713 turns).

slep the Slasher (Demonspawn Gladiator)             Turns: 4713, Time: 00:18:01

Health: -6/67      AC:  9    Str: 17    XL:     8   Next: 29%
Magic:  0/8        EV: 13    Int: 10    God:    Okawaru [**....]
Gold:   223        SH:  0    Dex: 16    Spells: 7/7 levels left

rFire    + . .     SeeInvis +   a - +0 long sword
rCold    . . .     Gourm    .   (no shield)
rNeg     . . .     Faith    +   n - +0 ring mail (curse)
rPois    +         Spirit   +   (helmet unavailable)
rElec    .         Reflect  .   (no cloak)
rCorr    .         Harm     .   (no gloves)
MR       .....                  w - +0 pair of boots
Stlth    +.........             k - amulet of faith
HPRegen  0.21/turn              o - ring of protection from fire
MPRegen  0.11/turn              s - +2 ring of strength

@: no status effects
A: horns 3, yellow scales 2, see invisible, poison resistance, powered by pain
1, robust 1, magic shield
a: Heroism, Renounce Religion


You were on level 5 of the Dungeon.
You worshipped Okawaru.
Okawaru was pleased with you.
You were hungry.

You visited 2 branches of the dungeon, and saw 7 of its levels.

You collected 256 gold pieces.
You spent 33 gold pieces at shops.

Inventory:

Hand Weapons
 a - a +0 long sword (weapon)
Missiles
 x - 23 sling bullets
 A - 14 poisoned needles
Armour
 b - a +0 leather armour
 c - a +0 helmet
 n - a cursed +0 ring mail (worn)
 w - a +0 pair of boots (worn)
Jewellery
 k - an amulet of faith (around neck)
 o - a ring of protection from fire (left hand)
 q - an uncursed amulet of magic regeneration
 s - a +2 ring of strength (right hand)
 u - a +3 ring of intelligence
 y - an uncursed ring of flight
 I - an uncursed amulet of the gourmand
Wands
 D - a wand of iceblast (5)
 G - a wand of digging (9)
Scrolls
 g - 3 scrolls of fear {unknown}
 h - a scroll of remove curse {unknown}
 i - 2 scrolls of magic mapping {unknown}
 l - 3 scrolls of blinking {unknown}
 p - a scroll of immolation {unknown}
 r - a scroll of enchant weapon {unknown}
 t - 8 scrolls of identify {unknown}
 v - 2 scrolls of fog {unknown}
 B - a scroll of enchant armour {unknown}
 E - 2 scrolls of random uselessness {unknown}
 H - 3 scrolls of teleportation
 K - a scroll of amnesia {unknown}
Potions
 e - 2 potions of brilliance
 j - a potion of lignification
 m - 2 potions of curing
Books
 C - a book of Necromancy

   Spells                             Type                      Level
   a - Pain                           Necromancy                   1
   b - Animate Skeleton               Necromancy                   1
   c - Vampiric Draining              Necromancy                   3
   d - Regeneration                   Charms/Necromancy            3
   e - Animate Dead                   Necromancy                   4
   f - Borgnjor's Vile Clutch         Necromancy/Earth             5
 J - a book of Changes

   Spells                             Type                      Level
   a - Beastly Appendage              Transmutation                1
   b - Sticks to Snakes               Transmutation                2
   c - Spider Form                    Transmutation/Poison         3
   d - Ice Form                       Ice/Transmutation            4
   e - Blade Hands                    Transmutation                5
Comestibles
 f - 8 rations


   Skills:
 + Level 4.3 Fighting
 + Level 7.3 Long Blades
 + Level 2.0 Throwing
 + Level 3.4 Armour
 + Level 3.7 Dodging
 + Level 1.5 Stealth


You had 7 spell levels left.
You didn't know any spells.

Dungeon Overview and Level Annotations

Branches:
Dungeon (6/15)             Temple (1/1) D:5

Altars:
Ashenzari
Cheibriados
Dithmenos
Elyvilon
Fedhas
Gozag
Hepliaklqana
Kikubaaqudgha
Okawaru
Qazlal
Ru
Trog
Uskayaw
Vehumet
Wu Jian
Xom
Yredelemnul
The Shining One

Shops:
D:4 ?

Annotations:
D:6 Grinder


Innate Abilities, Weirdness & Mutations

You have a pair of large horns on your head.
You are mostly covered in yellow scales. (AC +3)
You sometimes gain a little power by taking damage.
When hurt, damage is shared between your health and your magic reserves.
You have supernaturally acute eyesight. (SInv)
Your system is resistant to poisons. (rPois)
You are robust. (+10% HP)


Message History

The orc warrior is almost dead.
You hit the orc warrior.
The orc warrior is almost dead.
The orc warrior barely misses you.
You closely miss the orc warrior. Your headbutt misses the orc warrior.
The orc warrior is almost dead.
The orc warrior hits you but does no damage.
You closely miss the orc warrior. Your headbutt misses the orc warrior.
The orc warrior is almost dead.
The orc warrior hits you with a long sword.
* * * LOW HITPOINT WARNING * * *
You barely miss the orc warrior.
The orc warrior is almost dead.
The orc warrior hits you with a long sword!
* * * LOW HITPOINT WARNING * * *
You hit the orc warrior but do no damage.
Your headbutt misses the orc warrior.
The orc warrior is almost dead.
The orc warrior hits you with a long sword!
You die...

###############
#.............####
#.########.......# #.#
####..[>##.#### #######.#
#.............# ........#
###.###......##.# #######.#
#............##.# ####.#
#..#.........##.#####
#....###...##@.............#
####.##....(....o........<....#
#.........#...#####.##.##.##..###
#.###.###.#...# #.#...#.##.....
..# #.# #.....#####..###..##.###.
#.###'###...........###..........
....'_###...........# #.#.##.##..
#.###'###.....#####.###.#.##.##..
#.# #.# #.##.## #..##..........


You could see an orc warrior.

Vanquished Creatures
  The ghost of slep the Slasher, a novice VSGl (D:6)
  The ghost of mandarbmax the Sneak, an amateur NaEn (D:4)
  A sky beast (D:6)
  2 ogres (D:4)
  A bullfrog zombie (D:6)
  A centaur zombie (D:5)
  A crimson imp (D:5)
  2 orc priests
  2 bullfrog skeletons (D:4)
  Jessica (D:2)
  An orc wizard (D:5)
  2 worker ants
  A hound skeleton (D:4)
  A worker ant zombie (D:6)
  3 gnolls (D:2)
  4 adders
  2 adder skeletons
  2 worms
  3 dart slugs
  3 leopard geckos
  9 orcs
  2 giant cockroaches
  9 goblins
  12 hobgoblins
  3 jackals (D:3)
  A quokka (D:2)
  2 ball pythons
  3 bats
  5 frilled lizards
  4 kobolds
  2 leopard gecko skeletons (D:4)
  6 rats
93 creatures vanquished.

Vanquished Creatures (others)
  An orc wizard (D:5)
1 creature vanquished.

Grand Total: 94 creatures vanquished

Notes
Turn   | Place    | Note
-------+----------+-------------------------------------------
     0 | D:1      | slep the Demonspawn Gladiator began the quest for the Orb.
     0 | D:1      | Reached XP level 1. HP: 16/16 MP: 1/1
   151 | D:1      | Gained mutation: You have a pair of small horns on your head. [demonic ancestry]
   151 | D:1      | Reached XP level 2. HP: 9/22 MP: 2/2
   457 | D:1      | Reached skill level 3 in Long Blades
   706 | D:2      | Gained mutation: You have a pair of horns on your head. [demonic ancestry]
   706 | D:2      | Reached XP level 3. HP: 10/27 MP: 3/3
  1332 | D:2      | Noticed Jessica
  1339 | D:2      | Killed Jessica
  1339 | D:2      | Gained mutation: When hurt, damage is shared between your health and your magic reserves. [demonic ancestry]
  1339 | D:2      | Reached XP level 4. HP: 16/34 MP: 4/4
  1350 | D:2      | Found a white marble altar of Elyvilon.
  1522 | D:2      | Reached skill level 1 in Armour
  2273 | D:3      | Found a radiant altar of Vehumet.
  2280 | D:3      | Reached skill level 4 in Long Blades
  2509 | D:3      | Gained mutation: You are partially covered in yellow scales. (AC +2) [demonic ancestry]
  2509 | D:3      | Reached XP level 5. HP: 39/39 MP: 5/5
  2643 | D:3      | Found an opulent altar of Gozag.
  2810 | D:4      | Noticed an ogre
  2822 | D:4      | Killed an ogre
  2822 | D:4      | Reached skill level 5 in Long Blades
  2822 | D:4      | Gained mutation: You have a pair of large horns on your head. [demonic ancestry]
  2822 | D:4      | Reached XP level 6. HP: 40/46 MP: 6/6
  3049 | D:4      | Found Opruorog's Magic Scroll Emporium.
  3062 | D:4      | Bought a scroll of teleportation for 33 gold pieces
  3091 | D:4      | Noticed mandarbmax's ghost (amateur NaEn)
  3120 | D:4      | Killed mandarbmax's ghost
  3120 | D:4      | Reached skill level 6 in Long Blades
  3120 | D:4      | Gained mutation: You are mostly covered in yellow scales. (AC +3) [demonic ancestry]
  3120 | D:4      | Reached XP level 7. HP: 26/52 MP: 4/7
  3424 | D:4      | Found a snail-covered altar of Cheibriados.
  3736 | D:5      | Entered Level 5 of the Dungeon
  3737 | D:5      | Found a staircase to the Ecumenical Temple.
  3743 | Temple   | Entered the Ecumenical Temple
  4134 | D:5      | Reached skill level 1 in Stealth
  4197 | D:5      | Found an iron altar of Okawaru.
  4217 | D:5      | Became a worshipper of Warmaster Okawaru
  4562 | D:6      | Noticed slep's ghost (novice VSGl)
  4563 | D:6      | Gained mutation: Your system is resistant to poisons. (rPois) [potion of mutation]
  4563 | D:6      | Gained mutation: You are robust. (+10% HP) [potion of mutation]
  4563 | D:6      | Gained mutation: You have supernaturally acute eyesight. (SInv) [potion of mutation]
  4584 | D:6      | Killed slep's ghost
  4584 | D:6      | Reached * piety under Okawaru
  4584 | D:6      | Reached skill level 7 in Long Blades
  4584 | D:6      | Gained mutation: You sometimes gain a little power by taking damage. [demonic ancestry]
  4584 | D:6      | Reached XP level 8. HP: 26/66 MP: 5/8
  4636 | D:6      | Noticed Grinder
  4641 | D:6      | Paralysed by Grinder for 3 turns
  4664 | D:6      | Reached ** piety under Okawaru
  4712 | D:5      | HP: 2/67 [orc warrior/long sword (6)]
  4713 | D:5      | Mangled by an orc warrior

Vault maps used:
D:1:      dpeg_arrival_stone_temple_mockup, hangedman_decor_clover_reticule
D:2:      elyvilon_altar_4, uniq_jessica
D:3:      nicolae_overflow_crystal_walls, first_ration,
          nicolae_gozag_seed_capital
D:4:      serial_shops, shop, cheibriados_altar_1
D:5:      lemuel_doored_altar, minmay_temple_entry_grid,
          kennysheep_generic_room_15
D:6:      grunt_ministairs_11, serial_park_tiny_1, fedhas_altar_1, uniq_pikel,
          uniq_grinder
Temple:   oiseaux_autumnal_temple

Skill      XL: |  1  2  3  4  5  6  7 |
---------------+----------------------+-----
Throwing       | 2 |  2.0
Dodging        | 3 |  3.7
Long Blades    | 3 4 5 6 7 |  7.3
Armour         | 1 2 3 |  3.4
Fighting       | 3 4 |  4.3
Stealth        | 1 |  1.5

Action                   |  1- 3 |  4- 6 |  7- 9 || total
-------------------------+-------+-------+-------++-------
Melee: Long sword        |    75 |   150 |   124 ||   349
       Headbutt          |     9 |    33 |    30 ||    72
Throw: Throwing net      |       |       |     3 ||     3
  Use: Potion            |     2 |     4 |     3 ||     9
 Stab: Sleeping          |     1 |       |       ||     1
       Held in net/web   |       |       |     2 ||     2
  Eat: Chunk             |     1 |     9 |     5 ||    15
Armor: Leather armour    |    17 |       |       ||    17
       Ring mail         |    10 |    50 |    38 ||    98
Dodge: Dodged            |    70 |    82 |    54 ||   206
       Rpst.: Long sword |    25 |    25 |    14 ||    64

Table legend:
 A = Spawn XP
 B = Non-spawn XP
 C = Spawn XP percentage of total XP
 D = Spawn monster count
 E = Non-spawn monster count
 F = Spawn count percentage of total count
 G = Total turns spent on level
                    A         B        C        D         E        F      G
               +---------+---------+-------+---------+---------+-------+---------
         Total |       0 |    1828 |   0.0 |       0 |      94 |   0.0 |  4713
               +---------+---------+-------+---------+---------+-------+---------
           D:1 |       0 |      29 |   0.0 |       0 |      18 |   0.0 |   698
           D:2 |       0 |     145 |   0.0 |       0 |      26 |   0.0 |  1363
           D:3 |       0 |      63 |   0.0 |       0 |      12 |   0.0 |   692
           D:4 |       0 |     709 |   0.0 |       0 |      20 |   0.0 |   983
           D:5 |       0 |     200 |   0.0 |       0 |      12 |   0.0 |   568
           D:6 |       0 |     682 |   0.0 |       0 |       6 |   0.0 |   191
               +---------+---------+-------+---------+---------+-------+---------
